Map: The Vermillion Problem

Players

Rorshah

  • Race: Terran Terran

NamroodTuo

  • Race: Zerg Zerg

VOD

Have the link to the VOD?

Description

Time

  • Played on: Jan. 17, 2023, 10:14 a.m.
  • Length: 27:15
Show
View Real Time Build Order
Export as new Build Order

Rorshah Terran 

Build Orders:  

Get SALT Encoding   

  12  0:02  SCV  
  13  0:10  SCV  
  13  0:18  SCV  
  15  0:29  Supply Bunker  
  15  0:38  SCV  
  16  0:46  SCV  
  17  0:54  SCV  
  18  1:01  SCV  
  18  1:06  Supply Bunker  
  18  1:09  SCV  
  20  1:16  Refinery  
  20  1:17  SCV  
  21  1:20  Refinery  
  21  1:27  SCV  
  22  1:34  SCV  
  23  1:42  SCV  
  24  1:50  SCV  
  24  1:54  Barracks  
  24  1:58  SCV  
  26  2:06  SCV  
  27  2:13  Engineering Bay  
  27  2:14  SCV  
  28  2:27  Engineering Bay  
  28  2:28  SCV  
  29  2:35  SCV  
  30  2:43  SCV  
  31  2:54  Dominion Trooper  
  32  3:01  Terran Infantry Weapons Level 1  
  32  3:03  Terran Infantry Armor Level 1  
  32  3:04  Dominion Trooper  
  33  3:12  Dominion Trooper  
  34  3:20  Dominion Trooper  
  34  3:22  Factory  
  35  3:33  Dominion Trooper  
  36  3:41  Dominion Trooper  
  36  3:48  Dominion Trooper  
  38  3:56  Dominion Trooper  
  39  4:03  Starport  
  39  4:04  Dominion Trooper  
  39  4:20  Armory  
  39  4:29  SCV  
  39  4:35  Supply Bunker  
  39  4:40  Supply Bunker  
  40  5:03  Dominion Trooper  
  41  5:11  Dominion Trooper  
  41  5:19  Dominion Trooper  
  43  5:27  Dominion Trooper  
  43  5:29  Medivac  
  46  5:35  Dominion Trooper  
  47  5:41  Orbital Trooper Pods  
  47  5:43  Neosteel Armor, Dominion Trooper  
  48  5:50  Imperial Witness  
  48  5:51  Dominion Trooper  
  48  5:59  Dominion Trooper  
  52  6:06  Dominion Trooper  
  53  6:14  Dominion Trooper  
  53  6:41  Aim-assist Embrasures  
  53  6:48  Dominion Trooper  
  55  6:56  Dominion Trooper  
  56  7:04  Dominion Trooper  
  56  7:07  Imperial Witness  
  58  7:13  Terran Infantry Weapons Level 2  
  58  7:37  Medivac  
  60  8:07  Supply Bunker, Dominion Trooper x6  
  65  8:22  SCV  
  65  8:43  Command Center  
  65  8:46  Terran Infantry Armor Level 2  
  65  8:53  SCV x6  
  65  8:58  Supply Bunker, Dominion Trooper x6  
  72  9:25  SCV x11  
  72  9:26  SCV x4, Dominion Trooper  
  74  9:33  SCV  
  74  9:34  SCV, Dominion Trooper  
  76  9:40  Refinery  
  76  9:41  Refinery  
  78  9:53  Dominion Trooper x2  
  80  10:01  Dominion Trooper x2  
  80  10:03  Siege Tank  
  80  10:04  Imperial Witness  
  80  10:09  Dominion Trooper x2  
  90  10:17  Dominion Trooper x2  
  92  10:24  Dominion Trooper  
  92  10:25  Dominion Trooper  
  92  10:28  Earthsplitter Ordinance  
  94  10:30  Earthsplitter Ordinance  
  94  10:32  Dominion Trooper  
  94  10:33  Dominion Trooper  
  96  10:40  Dominion Trooper  
  96  10:41  Dominion Trooper  
  96  10:48  Dominion Trooper  
  96  10:49  Dominion Trooper  
  100  10:56  Dominion Trooper  
  100  10:57  Dominion Trooper  
  102  11:04  Dominion Trooper  
  102  11:05  Dominion Trooper  
  108  11:11  Supply Bunker, Dominion Trooper x6  
  108  11:15  Hemispheric Acceleraants  
  108  11:19  Dominion Trooper x2  
  112  11:27  Dominion Trooper x2  
  114  11:35  Dominion Trooper x2  
  114  11:56  Terran Infantry Weapons Level 3  
  114  12:00  Siege Tank  
  110  12:52  Medivac  
  112  13:13  Medivac  
  114  13:25  Supply Bunker, Dominion Trooper x6  
  120  13:34  Medivac, Siege Tank  
  117  13:40  Unknown x3  
  117  13:41  Unknown x7  
  117  13:45  SCV, Dominion Trooper x2  
  117  13:52  Dominion Trooper  
  117  13:53  Dominion Trooper  
  117  13:55  Medivac  
  121  14:00  Dominion Trooper  
  121  14:01  Dominion Trooper  
  105  14:42  SCV  
  105  14:48  Siege Tank  
  107  15:01  Supply Bunker, Dominion Trooper x6  
  107  15:06  SCV  
  107  15:22  Terran Infantry Armor Level 3  
  104  15:35  SCV  
  110  15:40  Supply Bunker, Dominion Trooper x6  
  110  15:46  SCV  
  111  16:17  Dominion Trooper  
  111  16:18  Dominion Trooper  
  114  16:22  Command Center, Imperial Witness  
  114  16:24  Command Center  
  114  16:25  Dominion Trooper  
  114  16:26  Dominion Trooper  
  114  16:27  Command Center  
  116  16:33  Dominion Trooper  
  116  16:34  Dominion Trooper  
  116  16:41  Dominion Trooper  
  116  16:42  Dominion Trooper  
  116  16:49  Dominion Trooper  
  116  16:50  Dominion Trooper  
  116  16:57  Dominion Trooper  
  116  16:58  Dominion Trooper  
  119  17:05  Dominion Trooper  
  119  17:06  Dominion Trooper  
  121  17:13  Dominion Trooper x2  
  121  17:18  Supply Bunker  
  121  17:19  Supply Bunker x2  
  123  17:20  Supply Bunker  
  123  17:21  Supply Bunker, Dominion Trooper x2  
  123  17:22  Supply Bunker  
  123  17:29  Dominion Trooper x2  
  127  17:37  Dominion Trooper x2  
  127  17:38  Siege Tank  
  129  17:45  Dominion Trooper x2  
  127  17:53  Dominion Trooper x2  
  127  17:54  Supply Bunker, Dominion Trooper x6  
  131  18:00  Dominion Trooper, Imperial Witness  
  131  18:01  Siege Tank  
  113  18:56  Dominion Trooper x5  
  113  18:59  Armament Stabilizers  
  118  19:04  Dominion Trooper x5  
  118  19:06  SCV  
  129  19:10  Supply Bunker, Dominion Trooper x6  
  129  19:11  Dominion Trooper  
  129  19:12  Dominion Trooper x4  
  129  19:13  SCV  
  129  19:19  Dominion Trooper  
  135  19:20  Dominion Trooper x4  
  135  19:27  Dominion Trooper  
  135  19:28  Dominion Trooper x4  
  150  19:30  Supply Bunker, Dominion Trooper x6  
  150  19:32  SCV  
  150  19:35  Dominion Trooper  
  150  19:36  Dominion Trooper x4  
  155  19:43  Dominion Trooper  
  155  19:44  Dominion Trooper x4  
  160  19:51  Dominion Trooper  
  160  19:52  Dominion Trooper x4  
  160  19:57  Siege Tank  
  160  19:59  Smart Servos  
  159  20:14  Imperial Witness  
  159  20:36  Siege Tank  
  159  20:58  Supply Bunker, Dominion Trooper x6  
  165  21:49  SCV x2  
  169  21:52  Supply Bunker, Dominion Trooper x6  
  167  22:19  Supply Bunker, Dominion Trooper x6  
  169  22:30  SCV x2  
  169  23:04  Supply Bunker, Siege Tank, Dominion Trooper x6  
  169  23:55  SCV  
  175  24:01  Supply Bunker, Dominion Trooper x6  
  175  24:21  Siege Tank  
  175  24:36  Medivac  
  175  24:38  Siege Tank  
  183  24:49  Dominion Trooper x5  
  193  24:57  Medivac, Dominion Trooper x5  
  200  25:05  Dominion Trooper x5  
  194  25:54  SCV x2  
  194  25:57  Supply Bunker, Dominion Trooper x6  
  195  26:40  SCV  
  195  26:54  SCV  
Show
View Real Time Build Order
Export as new Build Order

NamroodTuo Zerg 

Build Orders:  

Get SALT Encoding   

  12  0:06  Infested SCV  
  13  0:14  Infested SCV  
  14  0:22  Infested SCV  
  15  0:35  Infested Refinery  
  15  0:40  Overlord  
  15  1:12  Infested SCV x3  
  15  1:15  Infested Refinery  
  18  1:23  Infested Barracks  
  18  1:29  Infested SCV  
  19  1:37  Infested SCV  
  20  1:53  Overlord  
  20  2:11  Infested SCV  
  21  2:33  Overlord  
  21  2:47  Infested Barracks Tech Lab  
  21  3:02  Infested SCV  
  21  3:03  Infested SCV  
  23  3:15  Infested Marine x3  
  23  3:16  Infested Marine  
  23  3:19  Infested SCV  
  28  3:29  Infested SCV  
  29  3:30  Infested Engineering Bay  
  29  3:42  Infested Marine x4  
  29  3:43  Infested Marine x2  
  35  3:58  Infested Bunker  
  39  4:33  Overlord  
  39  4:34  Overlord x2  
  39  4:36  Overlord  
  39  4:40  Regenerative Plating  
  39  4:47  Infested Missile Turret  
  35  5:12  Retinal Augmentation  
  35  5:13  Infested SCV  
  35  5:14  Infested SCV  
  31  5:23  Infested SCV  
  32  5:38  Infested Factory  
  32  5:40  Stukov Infantry Weapons Level 1  
  32  5:51  Infested SCV  
  32  5:54  Infested SCV  
  34  6:14  Infested Marine  
  34  6:15  Infested Marine x16  
  34  6:16  Infested Marine x3  
  54  6:25  Infested Missile Turret  
  54  6:50  Infested Armory  
  54  7:16  Infested Bunker  
  57  7:50  Infested Marine  
  57  7:51  Infested Marine x18  
  57  8:00  Infested Marine  
  57  8:01  Infested Marine  
  57  8:06  Infested Missile Turret  
  58  8:20  Stukov Infantry Armor Level 1  
  58  8:50  Infested Marine x8  
  58  8:51  Infested Marine x2  
  54  9:27  Infested Marine  
  54  9:28  Infested Marine x6  
  55  9:54  Infested Bunker  
  63  10:17  Infested SCV x2  
  63  10:18  Infested SCV  
  56  10:42  Infested Missile Turret  
  56  11:00  Calcified Armor  
  49  11:16  Infested Missile Turret  
  49  11:20  Infested Starport  
  49  11:26  Infested Starport  
  49  11:32  Stukov Vehicle and Ship Weapons Level 1  
  49  11:33  Infested Starport  
  49  11:52  Infested Missile Turret  
  49  12:00  Stukov Infantry Weapons Level 2  
  49  12:04  Infested Marine  
  49  12:05  Infested Marine x19  
  69  12:20  Infested Bunker  
  69  12:36  Infested Starport Tech Lab  
  69  12:37  Infested Starport Tech Lab x2  
  69  12:47  Overlord  
  69  12:48  Overlord x4  
  69  12:58  Infested Factory Tech Lab  
  68  13:45  Infested Banshee  
  68  13:46  Infested Banshee x2  
  68  13:47  Infested Banshee x3  
  67  14:12  Stukov Vehicle and Ship Armor Level 1  
  67  14:33  Infested Command Center  
  67  14:52  Infested Liberator x3  
  67  14:53  Infested Liberator  
  79  15:10  Stukov Infantry Armor Level 2  
  79  15:28  Rapid Hibernation  
  79  15:30  Viral Contamination  
  79  16:23  Infested Banshee  
  79  16:24  Infested Liberator x2, Infested Banshee  
  79  16:25  Infested Liberator, Infested Banshee  
  97  16:47  Unknown x4  
  88  16:52  Stukov Vehicle and Ship Weapons Level 2  
  88  16:53  Unknown x2  
  67  17:13  Infested Liberator x2, Infested Banshee x2  
  79  17:36  Infested Bunker  
  83  17:42  Infested SCV x2  
  83  17:44  Infested SCV  
  86  18:59  Unknown x3  
  83  19:02  Unknown x2  
  83  19:08  Unknown  
  62  19:25  Infested Barracks  
  56  19:32  Infested Barracks  
  56  19:36  Infested SCV  
  56  19:37  Infested SCV x4  
  56  19:38  Infested Bunker  
  65  19:45  Infested Missile Turret  
  59  20:19  Infested Missile Turret  
  56  20:35  Infested Marine  
  56  20:36  Infested Marine x13  
  56  20:37  Infested Marine x11  
  75  21:08  Infested SCV x2  
  75  21:09  Infested SCV x3  
  80  21:14  Infested Missile Turret  
  80  21:23  Infested Marine  
  80  21:24  Infested Marine x19  
  80  21:29  Infested Marine  
  101  21:30  Infested Marine x10  
  111  21:42  Infested Missile Turret  
  111  21:46  Infested Marine  
  111  21:47  Infested Marine x10  
  122  21:58  Infested SCV x2  
  122  21:59  Infested SCV  
  125  22:07  Stukov Infantry Weapons Level 3  
  125  22:13  Infested Missile Turret  
  125  22:19  Infested Barracks  
  100  22:25  Infested Marine  
  100  22:26  Infested Marine x4  
  98  22:43  Infested Missile Turret  
  68  23:21  Infested Marine x9  
  68  23:22  Infested Marine x24  
  90  23:42  Infested Marine x2  
  90  23:43  Infested Marine x23  
  115  24:04  Infested Marine  
  115  24:05  Infested Marine x13  
  115  24:06  Infested Marine x2  
  126  24:17  Overlord  
  126  24:18  Overlord x4  
  126  24:34  Overlord  
  67  25:48  Infested SCV x5  
  57  26:05  Infested Marine x4  
  57  26:06  Infested Marine x24  
  57  26:07  Infested Marine x24  
  57  26:08  Infested Marine x19  
  128  26:25  Infested Marine x3  
  128  26:26  Infested Marine x20  
Tags
 
Add a new tag
Caveats
  • Supply blocks, unpowered buildings, or Contaminate may cause inaccurate times.
  • Supply counts are checked every 10 seconds.